 Dungeon Crawl Stone Soup version 0.22.1-2-g9c5b331 (webtiles) character file.

3252 whitewolfNL the Basher (level 9, -1/79 HPs)
             Began as a Minotaur Berserker on Dec 18, 2018.
             Was a High Priest of Trog.
             Slain by a warg (13 damage)
             ... on level 10 of the Dungeon.
             The game lasted 00:33:10 (7886 turns).

whitewolfNL the Basher (Minotaur Berserker)         Turns: 7886, Time: 00:33:11

Health: -1/79      AC:  8    Str: 21    XL:     9   Next: 67%
Magic:  10/10      EV: 13    Int:  3    God:    Trog [*****.]
Gold:   133        SH:  5    Dex: 12    Spells: 8/8 levels left

rFire    . . .     SeeInvis .   L - +2 flail (drain)
rCold    + . .     Gourm    .   i - +0 buckler
rNeg     + + .     Faith    .   C - +1 ring mail of Twilight {*Slow +Fly rN+}
rPois    .         Spirit   .   (helmet restricted)
rElec    .         Reflect  .   (no cloak)
rCorr    .         Harm     .   M - +0 pair of gloves of Oramuf {+Inv MR++ Regen+ Int-3}
MR       ++...                  (no boots)
Stlth    +.........             N - amulet of the acrobat
HPRegen  0.63/turn              S - ring of protection from cold
MPRegen  0.12/turn              I - ring of positive energy

@: berserk cooldown, slowed, very slow
A: retaliatory headbutt, horns 2
a: Berserk, Trog's Hand, Brothers in Arms, Renounce Religion, Evoke
Invisibility, Evoke Flight


You were on level 10 of the Dungeon.
You worshipped Trog.
Trog was extremely pleased with you.
You were not hungry.

You visited 1 branch of the dungeon, and saw 10 of its levels.

You collected 418 gold pieces.
You spent 285 gold pieces at shops.

Inventory:

Hand Weapons
 a - a +0 shortbow
 o - a +0 arbalest
 y - a +0 blowgun
 G - a +2 rapier of flaming
 L - a +2 flail of draining (weapon)
 O - a +0 hunting sling
Missiles
 r - 232 arrows
 z - 23 poisoned needles
 A - 56 bolts
 E - 5 javelins of returning (quivered)
 Q - 53 sling bullets
Armour
 d - a +3 ring mail
 i - a +0 buckler (worn)
 C - the +1 ring mail of Twilight (worn) {*Slow +Fly rN+}
   (You found it on level 4 of the Dungeon)

   It protects you from negative energy.
   It lets you fly.
   It may slow you when you take damage.
 M - the +0 pair of gloves of Oramuf (worn) {+Inv MR++ Regen+ Int-3}
   (You bought it in a shop on level 4 of the Dungeon)

   It affects your intelligence (-3).
   It affects your resistance to hostile enchantments.
   It lets you turn invisible.
   It increases your rate of regeneration.
 R - a +1 chain mail of fire resistance
Jewellery
 q - a +2 ring of intelligence
 I - a ring of positive energy (right hand)
 N - an amulet of the acrobat (around neck)
 S - a ring of protection from cold (left hand)
Wands
 g - a wand of random effects (53)
Scrolls
 b - 3 scrolls of noise {unknown}
 e - 3 scrolls of immolation
 f - a scroll of fear {unknown}
 h - 2 scrolls of fog {unknown}
 n - 6 scrolls of remove curse
 t - 3 scrolls of teleportation {unknown}
 u - 5 scrolls of enchant weapon
 w - 3 scrolls of magic mapping
 x - a scroll of random uselessness {unknown}
 D - a scroll of enchant armour {unknown}
 K - 2 scrolls of blinking {unknown}
Potions
 j - 3 potions of brilliance
 k - 3 potions of heal wounds
 l - a potion of berserk rage {unknown}
 m - 2 potions of magic {unknown}
 p - a potion of agility {unknown}
 s - 4 potions of curing
 v - 2 potions of resistance {unknown}
 B - a potion of mutation {unknown}
 F - 3 potions of might {unknown}
Comestibles
 c - 6 rations


   Skills:
 * Level 7.0 Fighting
 * Level 11.2 Maces & Flails
 * Level 7.2 Armour
 * Level 5.5 Dodging
 - Level 4.0 Shields
 * Level 3.1 Evocations


You had 8 spell levels left.
You didn't know any spells.
Your spell library was empty.

Dungeon Overview and Level Annotations

Branches:
Dungeon (10/15)            Temple (0/1) D:5            Lair (0/6) D:9
    Orc: D:9-12

Altars:
Okawaru
Sif Muna
Vehumet
Xom
Zin
The Shining One

Shops:
D:4 %[   D:6 :


Innate Abilities, Weirdness & Mutations

You reflexively headbutt those who attack you in melee.
You have a pair of horns on your head.


Message History

You headbutt the warg, but do no damage.
The warg bites you. The orc closely misses you. You block the warg's attack.
The orc priest invokes the aid of Beogh against you.
Beogh smites you!
* * * LOW HITPOINT WARNING * * *
The orc closely misses you. The warg bites you but does no damage.
The orc barely misses you.
You climb downwards.
A komodo dragon, an orc and 2 skeletons come into view.
The komodo dragon hisses angrily.
The orc shouts!
There is a stone staircase leading up here.
You fail to use your ability.
The warg bites you.
* * * LOW HITPOINT WARNING * * *
The warg bites you.
* * * LOW HITPOINT WARNING * * *
You block the orc's attack.
You fail to use your ability.
You block the warg's attack. The orc hits you but does no damage.
The warg bites you!
You die...

### #
#...#####.#
.#..Z..ho..##..
....o..@....Z.#
....l#.##.#####
... ... # .
..... #.#..## #
#.. ##


You could see a komodo dragon, a warg, 2 orcs, a centaur skeleton and a howler
monkey skeleton.

Vanquished Creatures
  A cyclops (D:8)
  Joseph (D:7)
  Sigmund (D:2)
  A warg (D:9)
  Duvessa (D:4)
  An ice beast (D:7)
  A sky beast (D:5)
  A phantom (D:8)
  An eye of draining (D:8)
  An ogre (D:4)
  3 centaurs
  A big kobold (D:8)
  3 bullfrogs (D:6)
  Dowan (D:4)
  3 scorpions
  2 howler monkeys
  4 crimson imps
  A jelly (D:4)
  2 bullfrog zombies
  4 orc wizards
  4 orc priests
  A bullfrog skeleton (D:5)
  A centaur zombie (D:6)
  An iguana (D:9)
  7 worker ants
  A hound zombie (D:8)
  A hound skeleton (D:4)
  Robin (D:4)
  6 gnolls
  8 adders
  A shadow imp (D:9)
  An adder zombie (D:8)
  An ooze (D:5)
  3 worms
  A dart slug (D:3)
  4 leopard geckos
  30 orcs
  2 ball pythons
  7 giant cockroaches
  18 goblins
  7 hobgoblins
  14 jackals
  5 quokkas
  5 bats
  2 frilled lizards
  14 kobolds
  A leopard gecko skeleton (D:6)
  A quokka skeleton (D:5)
  14 rats
196 creatures vanquished.

Vanquished Creatures (others)
  A gnoll (D:7)
1 creature vanquished.

Grand Total: 197 creatures vanquished

Notes
Turn   | Place    | Note
-------+----------+-------------------------------------------
     0 | D:1      | whitewolfNL the Minotaur Berserker began the quest for the
                  | Orb.
     0 | D:1      | Reached XP level 1. HP: 19/19 MP: 0/0
   496 | D:1      | Reached XP level 2. HP: 26/27 MP: 1/1
   536 | D:1      | Reached skill level 4 in Maces & Flails
   952 | D:2      | Reached XP level 3. HP: 29/33 MP: 2/2
  1002 | D:2      | Reached ** piety under Trog
  1020 | D:2      | Found an iron altar of Okawaru.
  1473 | D:2      | Found a deep blue altar of Sif Muna.
  1630 | D:2      | Noticed Sigmund
  1636 | D:2      | Reached XP level 4. HP: 40/40 MP: 3/3
  1642 | D:2      | Killed Sigmund
  1642 | D:2      | Reached skill level 5 in Maces & Flails
  1642 | D:2      | Reached skill level 1 in Shields
  1642 | D:2      | Reached XP level 5. HP: 47/47 MP: 4/4
  1888 | D:3      | Reached *** piety under Trog
  1892 | D:3      | Reached skill level 6 in Maces & Flails
  2127 | D:3      | Found a glowing golden altar of the Shining One.
  2134 | D:3      | Reached XP level 6. HP: 43/53 MP: 5/5
  2414 | D:4      | Found Morghis's Food Boutique.
  2719 | D:4      | Reached skill level 7 in Maces & Flails
  2719 | D:4      | Reached XP level 7. HP: 51/60 MP: 6/6
  2722 | D:4      | Got a steaming ring mail
  2733 | D:4      | Identified the +1 ring mail of Twilight {*Slow +Fly rN+}
                  | (You found it on level 4 of the Dungeon)
  2828 | D:4      | Found Tuifod's Antique Armour Shop.
  2941 | D:4      | Received a gift from Trog
  2997 | D:4      | Noticed Robin
  3007 | D:4      | Killed Robin
  3236 | D:4      | Noticed Duvessa
  3237 | D:4      | Noticed Dowan
  3244 | D:4      | Killed Duvessa
  3248 | D:4      | Killed Dowan
  3248 | D:4      | Reached skill level 5 in Fighting
  3248 | D:4      | Reached skill level 5 in Armour
  3286 | D:4      | Found a radiant altar of Vehumet.
  3286 | D:4      | Found a shimmering altar of Xom.
  3517 | D:5      | Entered Level 5 of the Dungeon
  3616 | D:5      | Found a staircase to the Ecumenical Temple.
  3623 | D:5      | Reached skill level 8 in Maces & Flails
  3664 | D:5      | Reached skill level 1 in Evocations
  3700 | D:5      | Reached **** piety under Trog
  3700 | D:5      | Reached XP level 8. HP: 64/68 MP: 7/7
  4552 | D:6      | Found Vebia's Book Emporium.
  4675 | D:6      | Reached skill level 9 in Maces & Flails
  6070 | D:4      | Bought a pair of ichor-stained gloves for 285 gold pieces
  6080 | D:4      | Identified the cursed +0 pair of gloves of Oramuf {+Inv
                  | MR++ Regen+ Int-3} (You bought it in a shop on level 4 of
                  | the Dungeon)
  6362 | D:7      | Reached XP level 9. HP: 63/75 MP: 9/9
  6414 | D:7      | Noticed Joseph
  6434 | D:7      | Killed Joseph
  6434 | D:7      | Reached skill level 10 in Maces & Flails
  6434 | D:7      | Reached skill level 5 in Dodging
  7111 | D:8      | Noticed a cyclops
  7116 | D:8      | Killed a cyclops
  7299 | D:8      | Reached skill level 11 in Maces & Flails
  7536 | D:8      | Found a glowing silver altar of Zin.
  7865 | D:9      | Found a staircase to the Lair.
  7871 | D:9      | Reached ***** piety under Trog
  7881 | D:9      | HP: 1/79 [warg (6)]
  7884 | D:10     | Entered Level 10 of the Dungeon
  7884 | D:10     | Noticed a komodo dragon
  7886 | D:10     | Slain by a warg

Skill      XL: |  1  2  3  4  5  6  7  8  9 |
---------------+----------------------------+-----
Maces & Flails | 4 5 6 7 8 9 11 | 11.2
Fighting       | 4 5 6 7 |  7.0
Armour         | 3 4 5 6 7 |  7.2
Dodging        | 3 4 5 |  5.5
Shields        | 1 2 3 4 |  4.0
Evocations     | 1 2 3 |  3.1

Action                   |  1- 3 |  4- 6 |  7- 9 || total
-------------------------+-------+-------+-------++-------
Melee: Mace              |    88 |   107 |    41 ||   236
       Headbutt          |    10 |    20 |    58 ||    88
       Flail             |       |       |   223 ||   223
Invok: Berserk           |     2 |     3 |    13 ||    18
 Abil: Evoke Invisibilit |       |       |     2 ||     2
  Use: Scroll            |       |       |     7 ||     7
       Potion            |       |       |     1 ||     1
 Stab: Invisible         |       |       |     1 ||     1
  Eat: Chunk             |     3 |     8 |    19 ||    30
       Ration            |       |       |     3 ||     3
Armor: Ring mail         |    44 |    38 |    53 ||   135
Dodge: Dodged            |    60 |    74 |   183 ||   317
Block: Buckler           |     9 |    19 |    57 ||    85
